 Dungeon Crawl Stone Soup version 0.28-a0-793-g31680bbd8b (webtiles) character file.

Game seed: 855433125307884393

936 vurker the Magician (level 8, -19/59 HPs)
             Began as a Djinni Air Elementalist on Nov 3, 2021.
             Demolished by Duvessa (22 damage)
             ... on level 4 of the Dungeon.
             The game lasted 00:06:07 (6200 turns).

vurker the Magician (Djinni Air Elementalist)       Turns: 6200, Time: 00:06:08

Health: -19/59     AC:  3    Str:  7    XL:     8   Next: 33%
Gold:   140        EV: 12    Int: 19    God:
                   SH:  0    Dex: 14

rFire   + + .      SeeInvis .   b - +0 short sword
rCold   x . .      Faith    .   (no shield)
rNeg    . . .      Spirit   .   a - +0 robe
rPois   ∞          Reflect  .   (no helmet)
rElec   .          Harm     .   l - +0 cloak
rCorr   .          Rampage  .   (no gloves)
Will    .....                   (boots unavailable)
Stlth   ++........              (no amulet)
HPRegen 0.19/turn               (no ring)
MPRegen 0.00/turn               (no ring)

@: flying
A: sickness immunity, fire resistance 2, cold vulnerability 1, float, innate
caster, hp casting, extra vitality 1
a: no special abilities


You were on level 4 of the Dungeon.
You visited 1 branch of the dungeon, and saw 4 of its levels.
You also visited: Sewer.

You collected 140 gold pieces.

Inventory:

Hand Weapons
 b - a +0 short sword (weapon)
   (You took it off a kobold on level 1 of the Dungeon)
Armour
 a - a +0 robe (worn)
 l - a +0 cloak (worn)
   (You took it off Crazy Yiuf on level 2 of the Dungeon)
 q - a +1 helmet
   (You took it off Robin on level 3 of the Dungeon)
Wands
 x - a wand of acid (6)
   (You took it off Ijyb on level 3 of the Dungeon)
Scrolls
 c - a scroll of teleportation {unknown}
 d - a scroll of amnesia
 e - a scroll of enchant armour {unknown}
 f - a scroll of fear {unknown}
 i - 2 scrolls of vulnerability {unknown}
 j - 2 scrolls of fog {unknown}
 k - a scroll of identify {unknown}
 n - a scroll of enchant weapon {unknown}
Potions
 g - 5 potions of might
 h - a potion of heal wounds {unknown}
 m - a potion of brilliance {unknown}
 o - a potion of mutation {unknown}
 p - a potion of curing {unknown}


   Skills:
 + Level 5.0 Fighting
 - Level 2.1 Dodging
 - Level 1.5 Stealth
 * Level 6.1 Spellcasting


You had 3 spell levels left.
You knew the following spells:

 Your Spells              Type           Power      Damage    Failure   Level
a - Shock                 Conj/Air       100%       1d9       1%          1
b - Scorch                Fire           58%        2d8       1%          2
c - Airstrike             Air            14%        N/A       9%          4
d - Static Discharge      Conj/Air       29%        N/A       1%          2
e - Ozocubu's Armour      Ice            29%        N/A       2%          3
q - Swiftness             Air            29%        N/A       2%          3
x - Animate Skeleton      Necr           58%        N/A       1%          1
Your spell library was empty.

Dungeon Overview and Level Annotations

Branches:
Dungeon (4/15)              Sewer (visited)
 Temple: D:4-7

Altars:
Elyvilon
Okawaru

Shops:
D:3 =

Annotations:
D:4 Duvessa


Innate Abilities, Weirdness & Mutations

You are immune to sickness and miasma.
You are immune to poison.
Your flesh is very heat resistant. (rF++)
You are vulnerable to cold. (rC-)
You float through the air rather than walking.
You learn spells naturally, not from books.
Your magical power is your life essence.
You have superior vitality. (+4 HP)


Message History

Aim: Dowan, wielding a +0 dagger and wearing a +0 robe (heavily wounded, 64% to hit)
The zap misses Dowan.
Dowan gestures at you while chanting. The puff of flame hits you. You resist.
Aim: Dowan, wielding a +0 dagger and wearing a +0 robe (heavily wounded, 64% to hit)
The zap misses Dowan.
Duvessa hits you with a +2 rapier of venom!
Dowan points at you and mumbles some strange words.
You are outlined in light.
There is a stone staircase leading up here.
Duvessa hits you with a +2 rapier of venom.
Dowan casts a spell at you. The puff of flame hits you. You resist.
You fly upwards.
There is a stone staircase leading down here.
You start resting.
You are no longer glowing.
You start resting.
You fly downwards.
Level annotation: Dowan, Duvessa Duvessa barely misses you.
Duvessa closely misses you.
There is a stone staircase leading up here.
Flames lash Dowan.
Dowan's fire resistance burns away.
Duvessa hits you with a +2 rapier of venom!
Flames lash Duvessa but do no damage.
Dowan drinks a potion.
Dowan seems to grow stronger.
Duvessa says, "My weaknesses are his strengths!"
Duvessa hits you with a +2 rapier of venom!
Flames lash Duvessa.
Duvessa's fire resistance burns away.
Dowan closely misses you. Duvessa closely misses you.
Flames lash Dowan.
Dowan is burned terribly!
Dowan closely misses you.
Duvessa says, "Where magic fails, the sword succeeds!"
Duvessa hits you with a +2 rapier of venom.
Flames lash Dowan.
Dowan is burned terribly!
You kill Dowan!
Duvessa screams in rage.
Duvessa goes berserk!
* * * LOW HITPOINT WARNING * * *
Duvessa is no longer more vulnerable to fire.
Duvessa hits you with a +2 rapier of venom!
* * * LOW HITPOINT WARNING * * *
Your Fighting skill increases to level 5!
Unknown command.
As you read the scroll labelled OVOUHA JELA, it crumbles to dust.
It is a scroll of amnesia.
You feel forgetful for a moment.
Duvessa hits you with a +2 rapier of venom!
* * * LOW HITPOINT WARNING * * *
Duvessa hits you with a +2 rapier of venom!!
You die...

#.###.####......####.#..####
#....#.##.......≈≈..♣♣♣P.≈≈#
#...)).).#.#.##.≈≈P..P..P≈≈#
..####.)#...#)........PP♣♣.♣♣.P.#
.......##...##..#.#.#..♣♣...♣♣.P#
#.###...#####...#.#.#♣b♣P....♣.♣#
#....###..#......♣P..._....♣
..#.....#...#.#e.##♣.♣.....♣.♣#
...............@#.....♣♣P..♣♣.P#
...###...###...).#... ♣♣.♣♣P..#
.... ##.## #.#.###.# .....P≈≈.
#.# #.# #.#.# .P♣♣♣..≈≈. #. #.#
#.#.# ..# #####. ..# #.#.# .. #..
#.# #.#.# ## ##.#
#..ee............######..#
.#####...#####.........##


You could see Duvessa (berserk).

Vanquished Creatures
  Grinder (D:3)
  Sigmund (D:3)
  Pargi (Sewer)
  A scorpion (D:3)
  Dowan (D:4)
  An orc priest (D:4)
  Crazy Yiuf (D:2)
  Ijyb (D:3)
  A gnoll shaman (D:4)
  Natasha (thrice) (D:3)
  Robin (D:3)
  8 adders (D:2)
  4 gnolls (D:4)
  An adder skeleton (D:4)
  A dart slug (D:1)
  3 orcs (D:4)
  5 endoplasms
  8 giant cockroaches
  11 goblins
  5 hobgoblins
  4 jackals (D:1)
  5 quokkas
  6 ball pythons
  4 bats
  9 frilled lizards
  9 kobolds
  7 rats
103 creatures vanquished.

Vanquished Creatures (others)
  3 plants (D:3)
3 creatures vanquished.

Grand Total: 106 creatures vanquished

Notes
Turn   | Place    | Note
-------+----------+-------------------------------------------
     0 | D:1      | vurker the Djinni Air Elementalist began the quest for the
                  | Orb.
     0 | D:1      | Reached XP level 1. HP: 15/15 MP: 0/0
   258 | D:1      | Reached XP level 2. HP: 21/22 MP: 0/0
   460 | D:1      | Reached skill level 1 in Fighting
   729 | D:1      | Reached XP level 3. HP: 12/27 MP: 0/0
   729 | D:1      | Learned a level 1 spell: Animate Skeleton
   732 | D:1      | Reached skill level 3 in Spellcasting
  1492 | D:2      | Reached XP level 4. HP: 11/32 MP: 0/0
  2115 | D:2      | Reached XP level 5. HP: 31/38 MP: 0/0
  2115 | D:2      | Learned a level 2 spell: Scorch
  2387 | D:2      | Found a faded altar of an unknown god.
  2556 | D:2      | Found a runed translucent door.
  2557 | D:2      | Noticed Crazy Yiuf
  2702 | D:2      | Killed Crazy Yiuf
  2784 | D:3      | Reached skill level 4 in Spellcasting
  2861 | D:3      | Reached XP level 6. HP: 29/45 MP: 0/0
  2871 | D:3      | Noticed Natasha
  3117 | D:3      | Found a glowing drain.
  3127 | Sewer    | Entered a sewer
  3179 | Sewer    | Noticed Pargi
  3183 | Sewer    | Killed Pargi
  3516 | D:3      | Noticed Grinder
  3521 | D:3      | Killed Grinder
  3522 | D:3      | Reached skill level 5 in Spellcasting
  3522 | D:3      | Reached XP level 7. HP: 17/51 MP: 0/0
  3522 | D:3      | Learned a level 3 spell: Ozocubu's Armour
  3727 | D:3      | Noticed Sigmund
  3734 | D:3      | Killed Sigmund
  3873 | D:3      | Noticed Ijyb
  3882 | D:3      | Killed Ijyb
  4300 | D:3      | Killed Natasha
  4301 | D:3      | Reached XP level 8. HP: 50/58 MP: 0/0
  4310 | D:3      | Noticed Robin
  4324 | D:3      | Killed Robin
  4451 | D:3      | Found Yniopafu's Jewellery Shoppe.
  4497 | D:3      | Noticed Natasha
  4503 | D:3      | Killed Natasha
  5327 | D:3      | Noticed Natasha
  5330 | D:3      | Killed Natasha
  5441 | D:3      | Found Yniopafu's Jewellery Shoppe.
  5800 | D:4      | Found an iron altar of Okawaru.
  5860 | D:4      | Found a white marble altar of Elyvilon.
  5896 | D:4      | Reached skill level 6 in Spellcasting
  6043 | D:4      | Noticed Duvessa
  6043 | D:4      | Noticed Dowan
  6199 | D:4      | Killed Dowan
  6200 | D:4      | Reached skill level 5 in Fighting
  6200 | D:4      | Demolished by Duvessa

Illustrated notes

Levels and vault maps discovered:
D:1:      giann_forest_graveyard, layout_rooms, minmay_octomino_j4
D:2:      layout_basic, basic_ecumenical_altar, minmay_snake_closets,
          uniq_crazy_yiuf_cottage
D:3:      wad_pebble_path, layout_loops_corners, gup_sewer_entry_pipe,
          serial_shops, shop, guppyfry_early_lair_pool, uniq_natasha,
          uniq_sigmund, uniq_ijyb, uniq_grinder, uniq_robin
D:4:      layout_loops_ring, kennysheep_little_box,
          nicolae_elyvilon_peaceful_grove, okawaru_trees_2, uniq_duvessa

Skill      XL: |  1  2  3  4  5  6  7  8 |
---------------+-------------------------+-----
Fighting       | 1 2 3 4 5 |  5.0
Spellcasting   | 3 4 5 6 |  6.1
Dodging        | |  2.1
Stealth        | |  1.5

Action                   |  1- 3 |  4- 6 |  7- 9 || total
-------------------------+-------+-------+-------++-------
 Cast: Shock             |    70 |    46 |    43 ||   159
       Scorch            |       |    23 |    31 ||    54
       Airstrike         |       |       |     1 ||     1
  Use: Scroll            |       |       |     1 ||     1
Armor: Robe              |     3 |     3 |       ||     6
Dodge: Dodged            |     9 |    12 |    12 ||    33

Table legend: (Time is in decaauts)
 A = Elapsed time spent in this place.
 B = Non-inter-level travel time spent in this place.
 C = Inter-level travel time spent in this place.
 D = Time resting spent in this place.
 E = Time spent auto-exploring this place.
 F = Levels seen in this place.
 G = Mean time per level.
                   A        B        C        D        E       F      G
               +--------+--------+--------+--------+--------+-----+--------+
         Total |   6200 |   6090 |    110 |    135 |   5404 |   5 | 1240.0 |
       Dungeon |   5918 |   5808 |    110 |    135 |   5158 |   4 | 1479.5 |
         Sewer |    281 |    281 |      0 |      0 |    246 |   1 |  281.0 |
               +--------+--------+--------+--------+--------+-----+--------+

Top non-repeatable levels by time:
     D:3: 2799 daAuts
     D:1: 1475 daAuts
     D:2: 1271 daAuts
     D:4: 371 daAuts
   Sewer: 281 daAuts
